 Dungeon Crawl Stone Soup version 0.17-a0-1741-gd5e8965 (webtiles) character file.

59 thrall606 the Conjurer (level 3, 0/24 HPs)
             Began as a Demonspawn Conjurer on Aug 31, 2015.
             Slain by Crazy Yiuf
             ... wielding a +2 quarterstaff of chaos
              (15 damage)
             ... on level 2 of the Dungeon.
             The game lasted 00:06:32 (1878 turns).

thrall606 the Conjurer (Demonspawn Conjurer)        Turns: 1878, Time: 00:06:32

Health: 0/24       AC:  3    Str:  8      XL:     3   Next: 78%
Magic:  1/6        EV: 12    Int: 17      God:
Gold:   136        SH:  0    Dex:  9 (13) Spells: 2 memorised, 3 levels left

rFire  . . .     SeeInvis .     q - +0 hand axe
rCold  . . .     Clarity  .     a - +1 robe
rNeg   . . .     SustAt   .     (no shield)
rPois  .         Gourm    .     (no helmet)
rElec  .         Spirit   .     (no cloak)
rCorr  .         Warding  .     (no gloves)
rMut   .         Stasis   .     (no boots)
MR     .....                    (no amulet)
Stlth  +.........               (no ring)
                                (no ring)

@: not resistant to hostile enchantments, very unstealthy
A: hooves 2
a: no special abilities


You were on level 2 of the Dungeon.
You were hungry.

You visited 1 branch of the dungeon, and saw 2 of its levels.

You collected 136 gold pieces.

Inventory:

Hand weapons
 e - a +0 dagger
 f - a +0 dagger
 h - a +0 short sword
 q - a +0 hand axe (weapon)
Armour
 a - a +1 robe (worn)
 m - a +0 robe
Jewellery
 g - an uncursed ring of protection from cold {unknown}
 p - a +3 ring of dexterity {unknown}
Scrolls
 d - a scroll of blinking
 i - a scroll of immolation {unknown}
 k - a scroll of magic mapping {unknown}
 l - a scroll of enchant armour
 n - a scroll of remove curse
 o - a scroll of identify {unknown}
 r - a scroll of recharging {unknown}
Books
 b - a book of Conjurations

   Spells                             Type                      Level
   a - Magic Dart                     Conjuration                  1
   b - Searing Ray                    Conjuration                  2
   c - Dazzling Spray                 Conjuration/Hexes            3
   d - Fulminant Prism                Conjuration/Hexes            4
   e - Iskenderun's Mystic Blast      Conjuration                  4
   f - Iskenderun's Battlesphere      Conjuration/Charms           5
Comestibles
 c - a bread ration
 j - 4 chunks of flesh


   Skills:
 + Level 0.2 Fighting
 + Level 2.2 Dodging
 + Level 1.7 Stealth
 + Level 0.1 Unarmed Combat
 + Level 2.3 Spellcasting
 + Level 5.0 Conjurations


You had 3 spell levels left.
You knew the following spells:

 Your Spells              Type           Power        Failure   Level  Hunger
a - Magic Dart            Conj           ###.         2%          1    #......
b - Searing Ray           Conj           ###...       3%          2    ###....


Dungeon Overview and Level Annotations

Branches:
Dungeon (2/15)

Altars:
Fedhas
Qazlal
The Shining One

Annotations:
D:2 Crazy Yiuf


Innate Abilities, Weirdness & Mutations

You have hoof-like feet.


Message History

Casting: Magic Dart
Confirm with . or Enter, or press ? or * to list all spells.
Aiming: Magic Dart
Press: ? - help, Shift-Dir - straight line, f/p - Crazy Yiuf
Aim: Crazy Yiuf, wielding a quarterstaff of chaos and wearing a cloak The magic dart hits Crazy Yiuf.
Crazy Yiuf is lightly wounded.
You are feeling hungry.
Crazy Yiuf closely misses you.
Casting: Magic Dart
Confirm with . or Enter, or press ? or * to list all spells.
Aiming: Magic Dart
Press: ? - help, Shift-Dir - straight line, f/p - Crazy Yiuf
Aim: Crazy Yiuf, wielding a quarterstaff of chaos and wearing a cloak (lightly wounded)
The magic dart hits Crazy Yiuf.
Crazy Yiuf is moderately wounded.
Crazy Yiuf flaps his cloak.
Crazy Yiuf hits you with a quarterstaff of chaos!
Ouch! That really hurt!
You die...

#.####.##.###########...
#.# ###### #........#..
#.# ##.#####.... #.#
##### #.# #.#.. #.#
#).)# #.# #.### #.#
#.))# #.# #.# # #### #.#
).) ##.# #.### ...# #.#
#g# #..#####.... ##.#
##.# ♣♣@♣ ##..........
#.# #..# ♣.♣♣
#..#####.... #.######..#
♣♣.♣ #### #....
#...##....# ♣.♣♣ #....
##.......## ♣♣)♣♣ #....
##.##.### ♣...♣♣ #....
#.##.# ♣....♣ ####. ##
#.##.# #....# #. _
#.##)# #+..+#### #.


You could see Crazy Yiuf.

Vanquished Creatures
  Terence (D:2)
  3 giant geckos
  7 bats (D:1)
  6 hobgoblins
  3 kobolds (D:1)
  A giant cockroach (D:1)
  2 giant newts
  5 goblins (D:1)
  5 rats
33 creatures vanquished.

Notes
Turn   | Place    | Note
--------------------------------------------------------------
     0 | D:1      | thrall606 the Demonspawn Conjurer began the quest for the Orb.
     0 | D:1      | Reached XP level 1. HP: 13/13 MP: 3/3
   129 | D:1      | Gained mutation: You have large cloven feet. [demonic ancestry]
   129 | D:1      | Reached XP level 2. HP: 19/19 MP: 0/5
   169 | D:1      | Learned a level 2 spell: Searing Ray
   898 | D:2      | Found a glowing golden altar of the Shining One.
   981 | D:2      | Found a blossoming altar of Fedhas.
  1045 | D:2      | Gained mutation: You have hoof-like feet. [demonic ancestry]
  1045 | D:2      | Reached XP level 3. HP: 24/24 MP: 1/6
  1455 | D:2      | Noticed Terence
  1481 | D:2      | Killed Terence
  1481 | D:2      | Reached skill level 5 in Conjurations
  1820 | D:2      | Found a stormy altar of Qazlal.
  1873 | D:2      | Noticed Crazy Yiuf
  1878 | D:2      | Slain by Crazy Yiuf

Vault maps used:
D:1:      minmay_arrival_plants_in_alcoves, st_stairs_12, minmay_vboxes
D:2:      tso_oasis_becter, old_standard_altar, cheibriados_altar_wand_db,
          nicolae_overflow_hidden_temple, uniq_terence, uniq_crazy_yiuf_cottage

Action                   || total
-------------------------++-------
Melee: Unarmed           ||    13
       Dagger            ||    12
       Hand axe          ||    10
       Short sword       ||     2
 Cast: Magic Dart        ||    48
       Searing Ray       ||     5
  Use: Scroll            ||     4
       Potion            ||     3
  Eat: Chunk             ||     2
       Pizza             ||     1
